 Dungeon Crawl Stone Soup version 0.22-a0-479-gc6e99f3 (webtiles) character file.

19 Laiders72 the Ruffian (level 2, 0/23 HPs)
             Began as a Draconian Transmuter on June 14, 2018.
             Slain by an orc
             ... wielding a +0 hand axe
              (7 damage)
             ... on level 2 of the Dungeon.
             The game lasted 00:01:00 (841 turns).

Laiders72 the Ruffian (Draconian Transmuter)         Turns: 841, Time: 00:01:01

Health: 0/23       AC:  4    Str: 12    XL:     2   Next: 55%
Magic:  5/5        EV: 12    Int: 13    God:
Gold:   71         SH:  0    Dex: 11    Spells: 2/5 levels left

rFire    . . .     SeeInvis .     - Unarmed
rCold    . . .     Gourm    .   (no shield)
rNeg     . . .     Faith    .   (armour unavailable)
rPois    .         Spirit   .   (helmet restricted)
rElec    .         Reflect  .   (no cloak)
rCorr    .         Harm     .   (no gloves)
MR       .....                  (no boots)
Stlth    +.........             (no amulet)
HPRegen  0.07/turn              (no ring)
MPRegen  0.09/turn              (no ring)

@: no status effects
A: unfitting armour, cold-blooded, AC +4
a: no special abilities


You were on level 2 of the Dungeon.
You were not hungry.

You visited 1 branch of the dungeon, and saw 2 of its levels.

You collected 71 gold pieces.

Inventory:

Missiles
 a - 33 arrows
Scrolls
 b - a scroll of fear {unknown}
 d - 2 scrolls of enchant weapon {unknown}
 e - a scroll of identify {unknown}
 g - a scroll of magic mapping {unknown}
Potions
 f - a potion of lignification {unknown}
 h - a potion of magic {unknown}
 i - a potion of curing {unknown}
Comestibles
 c - 3 rations


   Skills:
 + Level 1.5 Fighting
 + Level 2.0 Dodging
 + Level 3.2 Unarmed Combat
 + Level 2.2 Spellcasting
 + Level 2.2 Transmutations


You had 2 spell levels left.
You knew the following spells:

 Your Spells              Type           Power        Failure   Level  Hunger
a - Beastly Appendage     Tmut           #.....       10%         1    ##.....
b - Sticks to Snakes      Tmut           #.......     16%         2    ###....

Your spell library contained the following spells:

 Spells                   Type           Power        Failure   Level  Hunger
 Spider Form              Tmut/Pois      #.........   43%         3    ####...
 Blade Hands              Tmut           #.........   95%         5    ######.
 Ice Form                 Ice/Tmut       #.......     83%         4    #####..


Dungeon Overview and Level Annotations

Branches:
Dungeon (2/15)

Altars:


Innate Abilities, Weirdness & Mutations

Your plain brown scales are hard. (AC +4)
You cannot fit into any form of body armour.
You are cold-blooded and may be slowed by cold attacks.


Message History

The orc closely misses you.
You closely miss the orc. The orc hits you.
You hit the orc.
The orc is heavily wounded.
The orc completely misses you.
You hit the orc.
You kill the orc!
You barely miss the orc. You tail-slap the orc.
The orc is moderately wounded.
You hit the orc.
The orc is almost dead.
The orc hits you with a hand axe.
You closely miss the orc. You headbutt the orc, but do no damage.
The orc is almost dead.
Your horns disappear.
The orc hits you with a hand axe.
You completely miss the orc.
The orc is almost dead.
The orc hits you with a hand axe!
You die...

### ...............#.####.# ..
#...........#.#.##.##
#####.######.##.###....#.#).....
......#.........###....#.#.##.##
...#....####.#####.....'.#.##.#
........# #.# #.....###.##.#
........####.# #.....# #.##.#
o............#####.##### #.##.#
...#..o..##...o@......# #.##.#
.........##.######.##.# #.##.#
#####....##.#.......#.# #.##.##
......##.#.#######.####.##...
####...##.#...........##.....#
######.######......######.# ...
#......# #...# .# #......# #.###
######## #.#..


You could see an orc.

Vanquished Creatures
  A dart slug (D:1)
  A leopard gecko (D:1)
  2 orcs (D:2)
  2 bats (D:1)
  A hobgoblin (D:2)
  4 frilled lizards
  3 goblins
  A rat (D:1)
15 creatures vanquished.

Notes
Turn   | Place    | Note
-------+----------+-------------------------------------------
     0 | D:1      | Laiders72 the Draconian Transmuter began the quest for the Orb.
     0 | D:1      | Reached XP level 1. HP: 16/16 MP: 3/3
   438 | D:1      | Reached XP level 2. HP: 16/23 MP: 5/5
   442 | D:1      | Learned a level 2 spell: Sticks to Snakes
   841 | D:2      | Slain by an orc

Vault maps used:
D:1:      tarquinn_simple_flora_water_c
D:2:      cheibrodos_pilgrimage, first_ration, st_stairs_1

Skill      XL: |  1  2 |
---------------+-------+-----
Dodging        | 2 |  2.0
Fighting       | |  1.5
Unarmed Combat | |  3.2
Spellcasting   | |  2.2
Transmutations | |  2.2

Action                   || total
-------------------------++-------
Melee: Unarmed           ||    66
       Tailslap          ||     6
       Kick              ||     2
       Headbutt          ||     3
       Punch             ||     1
 Cast: Beastly Appendage ||     2
 Stab: Sleeping          ||     1
Armor: Skin              ||    24
Dodge: Dodged            ||    28

Table legend:
 A = Spawn XP
 B = Non-spawn XP
 C = Spawn XP percentage of total XP
 D = Spawn monster count
 E = Non-spawn monster count
 F = Spawn count percentage of total count
 G = Total turns spent on level
                    A         B        C        D         E        F      G
               +---------+---------+-------+---------+---------+-------+---------
         Total |       0 |      28 |   0.0 |       0 |      15 |   0.0 |   841
               +---------+---------+-------+---------+---------+-------+---------
           D:1 |       0 |      17 |   0.0 |       0 |      10 |   0.0 |   580
           D:2 |       0 |      11 |   0.0 |       0 |       5 |   0.0 |   261
               +---------+---------+-------+---------+---------+-------+---------
